 Dungeon Crawl Stone Soup version 0.28.0 (webtiles) character file.

Game seed: 14596572734114639415

30 Eitelfritz the Slasher (level 3, -1/31 HPs)
             Began as a Minotaur Gladiator on Feb 14, 2022.
             Slain by a gnoll (7 damage)
             ... on level 1 of the Dungeon.
             The game lasted 00:02:28 (1412 turns).

Eitelfritz the Slasher (Minotaur Gladiator)         Turns: 1412, Time: 00:02:29

Health: -1/31      AC:  3    Str: 20    XL:     3   Next: 5%
Magic:  2/2        EV: 12    Int:  5    God:
Gold:   118        SH:  0    Dex: 11    Spells: 2/2 levels left

rFire   . . .      SeeInvis .   a - +0 long sword
rCold   . . .      Faith    .   (no shield)
rNeg    . . .      Spirit   .   b - +0 leather armour
rPois   .          Reflect  .   c - +0 hat
rElec   .          Harm     .   (no cloak)
rCorr   .          Rampage  .   (no gloves)
Will    .....                   (no boots)
Stlth   +.........              (no amulet)
HPRegen 0.10/turn               (no ring)
MPRegen 0.08/turn               (no ring)

@: no status effects
A: horns 2, retaliatory headbutt
a: no special abilities


You were on level 1 of the Dungeon.
You visited 1 branch of the dungeon, and saw 2 of its levels.

You collected 118 gold pieces.

Inventory:

Hand Weapons
 a - a +0 long sword (weapon)
Missiles
 d - 3 throwing nets (quivered)
Armour
 b - a +0 leather armour (worn)
 c - a +0 hat (worn)
Scrolls
 e - a scroll of noise {unknown}
 f - 2 scrolls of teleportation {unknown}
 h - a scroll of holy word {unknown}
 j - a scroll of fear {unknown}
Potions
 g - 3 potions of curing {unknown}
 i - a potion of cancellation {unknown}
 k - a potion of degeneration {unknown}


   Skills:
 + Level 3.1 Fighting
 + Level 4.2 Long Blades
 + Level 2.0 Throwing
 + Level 0.3 Armour
 + Level 3.7 Dodging


You had 2 spell levels left.
You didn't know any spells.
Your spell library was empty.

Dungeon Overview and Level Annotations

Branches:
Dungeon (2/15)

Altars:

Shops:
D:1 (


Innate Abilities, Weirdness & Mutations

You have a pair of horns on your head.
You reflexively headbutt those who attack you in melee.


Message History

Found 11 gold pieces.
You see here a staff of fire.
You now have 118 gold pieces (gained 11).
Found a robe.
You see here a +0 robe.
Found an escape hatch in the floor.
Found a stone staircase leading up.
There is an escape hatch in the floor here.
There is a stone staircase leading up here.
Found a stone staircase leading up. 3 gnolls come into view.
A gnoll is wielding a +1 flail of protection.
The gnoll shouts! x2
The gnoll moves out of view.
The gnoll hits you from afar with a +0 spear!
There is a stone staircase leading up, spattered with blood here.
The gnoll hits you from afar with a +0 halberd!
There is a stone staircase leading up, spattered with blood here.
The gnoll closely misses you. x2
You climb upwards.
There is a stone staircase leading down here.
The gnoll hits you from afar with a +0 spear!
* * * LOW HITPOINT WARNING * * *
Unknown command.
The gnoll completely misses you.
You hit the gnoll but do no damage. Your headbutt misses the gnoll.
The gnoll barely misses you.
You barely miss the gnoll. The gnoll barely misses you.
You barely miss the gnoll. You headbutt the gnoll.
The gnoll is moderately wounded.
The gnoll closely misses you.
You barely miss the gnoll. You headbutt the gnoll.
The gnoll is severely wounded.
The gnoll barely misses you.
You hit the gnoll.
The gnoll is almost dead.
The gnoll hits you with a +0 spear.
* * * LOW HITPOINT WARNING * * *
The gnoll hits you with a +0 spear!
You die...

#.#########
#.........#
#.#######.#
######## #.# #.#
#....... #.#
#####.# #.######
#.# #.....#
#.#..... #.#
#.##### #.#.###.
#.# #.# #.#.#...
#.# #@# #.#.#.##
#.# #g# #.#.....
#.#
#.#########.###.##
#.#
#...........#...#
#.#
#############.####
#.#
#.................
#.#
#.###########.####
#.# #.#......#
#>##..
#.###....###.#
#.##.#


You could see a gnoll.

Vanquished Creatures
  A dart slug (D:1)
  2 ball pythons (D:1)
  A giant cockroach (D:1)
  2 goblins (D:1)
  3 hobgoblins (D:1)
  2 jackals (D:1)
  4 kobolds (D:1)
  6 bats (D:1)
  2 frilled lizards (D:1)
  A rat (D:1)
24 creatures vanquished.

Notes
Turn   | Place    | Note
-------+----------+-------------------------------------------
     0 | D:1      | Eitelfritz the Minotaur Gladiator began the quest for the
                  | Orb.
     0 | D:1      | Reached XP level 1. HP: 18/18 MP: 0/0
   166 | D:1      | Found Ylemeolo's Antique Weapon Shop.
   247 | D:1      | Reached XP level 2. HP: 25/25 MP: 1/1
   391 | D:1      | Reached skill level 4 in Long Blades
   888 | D:1      | Reached XP level 3. HP: 31/31 MP: 2/2
  1412 | D:1      | Slain by a gnoll

Illustrated notes

Levels and vault maps discovered:
D:1:      dpeg_arrival_water_temple_mockup, layout_basic, serial_shops, shop,
          lemuel_old_faithful
D:2:      layout_basic, shapermc_ecumenical_altar_petra, minmay_tromino_v4_a,
          uniq_terence

Skill      XL: |  1  2 |
---------------+-------+-----
Fighting       | 3 |  3.1
Long Blades    | 4 |  4.2
Throwing       | |  2.0
Armour         | |  0.3
Dodging        | |  3.7

Action                   || total
-------------------------++-------
Melee: Long sword        ||    64
       Headbutt          ||     9
Armor: Leather armour    ||    28
Dodge: Dodged            ||    52
